 Dungeon Crawl Stone Soup version 0.27-a0-385-g3208abaabc (webtiles) character file.

Game seed: 17130903062148520461

25743 Morbidden the Grappler (level 12, -3/114 HPs)
             Began as a Troll Transmuter on Feb 19, 2021.
             Was a High Priest of Cheibriados.
             Shot with an arrow by a centaur warrior (24 damage)
             ... on level 13 of the Dungeon.
             The game lasted 00:35:22 (15477 turns).

Morbidden the Grappler (Troll Transmuter)          Turns: 15477, Time: 00:35:22

Health: -3/114     AC:  6    Str: 39    XL:     12   Next: 92%
Magic:  0/18       EV: 25    Int: 27    God:    Cheibriados [*****.]
Gold:   1089       SH:  0    Dex: 24    Spells: 7/20 levels left

rFire    . . .     SeeInvis .     - Unarmed
rCold    . . .     Faith    .   (no shield)
rNeg     . . .     Spirit   +   K - +0 troll leather armour
rPois    .         Reflect  .   (helmet restricted)
rElec    .         Harm     .   (no cloak)
rCorr    .         Rampage  .   (gloves unavailable)
Will     .....                  (boots unavailable)
Stlth    ++........             s - amulet of guardian spirit
HPRegen  2.29/turn              D - +4 ring of evasion
MPRegen  0.16/turn              A - ring of Zeafext {EV+4 Str+4}

@: about to teleport, very slow
A: large, unfitting armour, claws 3, regeneration 1, shaggy fur 1, tough skin 1
a: Renounce Religion, Bend Time, Temporal Distortion, Slouch, Step From Time


You were on level 13 of the Dungeon.
You worshipped Cheibriados.
Cheibriados was extremely pleased with you.
You visited 2 branches of the dungeon, and saw 14 of its levels.
You also visited: Sewer, Bailey and Ice Cave.

You collected 1089 gold pieces.

Inventory:

Hand Weapons
 C - a +1 demon whip of venom
Missiles
 k - 19 boomerangs (quivered)
 o - 23 javelins
 y - 5 curare-tipped darts
Armour
 K - a +0 troll leather armour (worn)
Magical Staves
 i - a staff of air
Jewellery
 a - a ring of protection from fire
 l - a ring of flight
 s - an amulet of guardian spirit (around neck)
 t - an amulet of reflection
 w - a ring of fire
 x - a ring of positive energy
 z - a ring of protection from cold
 A - the ring of Zeafext (right claw) {EV+4 Str+4}
   (You found it on level 7 of the Dungeon)

   [ring of evasion]

   It affects your evasion (+4).
   It affects your strength (+4).
 B - a ring of see invisible
 D - a +4 ring of evasion (left claw)
Wands
 u - a wand of digging (5)
 v - a wand of iceblast (14)
 G - a wand of mindburst (4)
 H - a wand of paralysis (8)
 J - a wand of flame (14)
Scrolls
 b - 4 scrolls of teleportation
 e - 4 scrolls of amnesia
 f - 4 scrolls of identify
 h - 4 scrolls of noise
 m - a scroll of fear
 q - 4 scrolls of enchant weapon
 M - a scroll of enchant armour {unknown}
Potions
 c - 3 potions of might {unknown}
 d - 2 potions of haste {unknown}
 g - 5 potions of attraction
 j - 3 potions of cancellation {unknown}
 n - a potion of brilliance {unknown}
 p - 2 potions of lignification
 r - a potion of magic
 E - a potion of invisibility
 F - a potion of curing
 I - 3 potions of flight
 L - a potion of heal wounds


   Skills:
 * Level 6.0 Fighting
 + Level 1.5 Throwing
 + Level 1.6 Armour
 * Level 7.6 Dodging
 + Level 2.3 Stealth
 + Level 10.8 Unarmed Combat
 * Level 4.6 Spellcasting
 * Level 2.1 Conjurations
 * Level 6.2 Transmutations
 * Level 1.5 Fire Magic
 * Level 3.9 Ice Magic
 - Level 4.0 Poison Magic
 * Level 4.9 Invocations
 + Level 1.8 Evocations


You had 7 spell levels left.
You knew the following spells:

 Your Spells              Type           Power        Failure   Level
a - Beastly Appendage     Tmut           78%          1%          1
b - Spider Form           Tmut/Pois      16%          3%          3
c - Ice Form              Ice/Tmut       33%          10%         4
d - Fireball              Conj/Fire      8%           71%         5

Your spell library contained the following spells:

 Spells                   Type           Power        Failure   Level
 Wereblood                Tmut           39%          1%          2
 Ignite Poison            Fire/Tmut/Pois 27%          4%          3
 Ensorcelled Hibernation  Hex/Ice        32%          5%          2
 Animate Skeleton         Necr           12%          9%          1
 Apportation              Tloc           12%          9%          1
 Corona                   Hex            6%           9%          1
 Summon Small Mammal      Summ           24%          9%          1
 Call Imp                 Summ           6%           12%         2
 Dazzling Flash           Conj/Hex       22%          16%         3
 Blade Hands              Tmut           19%          17%         5
 Petrify                  Tmut/Erth      23%          22%         4
 Call Canine Familiar     Summ           6%           24%         3
 Confusing Touch          Hex            6%           24%         3
 Gell's Gravitas          Tloc           3%           24%         3
 Summon Guardian Golem    Hex/Summ       6%           24%         3
 Tukima's Dance           Hex            6%           24%         3
 Summon Ice Beast         Ice/Summ       16%          34%         4
 Yara's Violent Unravell  Hex/Tmut       11%          52%         5
 Summon Lightning Spire   Summ/Air       6%           63%         4
 Metabolic Englaciation   Hex/Ice        8%           69%         5
 Starburst                Conj/Fire      8%           99%         6
 Chain Lightning          Conj/Air       5%           100%        8
 Ignition                 Fire           7%           100%        8
 Lehudib's Crystal Spear  Conj/Erth      5%           100%        8
 Absolute Zero            Ice            13%          100%        9
 Fire Storm               Conj/Fire      8%           100%        9


Dungeon Overview and Level Annotations

Branches:
Dungeon (13/15)            Temple (1/1) D:7            Lair (0/6) D:10
    Orc (0/2) D:10          Sewer (visited)          Bailey (visited)
  IceCv (visited)
 Vaults: D:13-14

Altars:
Ashenzari
Cheibriados
Dithmenos
Elyvilon
Fedhas
Gozag
Hepliaklqana
Kikubaaqudgha
Makhleb
Nemelex Xobeh
Okawaru
Qazlal
Sif Muna
Trog
Uskayaw
Vehumet
Wu Jian
Xom
Yredelemnul
Zin
The Shining One
Lugonu

Shops:
D:5 (   D:7 ?

Annotations:
D:8 Psyche


Innate Abilities, Weirdness & Mutations

You are too large for most types of armour.
You have claws for hands.
Your natural rate of healing is unusually fast.
You are covered in fur. (AC +1)
You have tough skin. (AC +1)


Message History

The hound completely misses you. The bullfrog misses you.
You claw the bullfrog! x2
The bullfrog is almost dead.
The hound bites you. The bullfrog completely misses you.
The hound completely misses you.
You barely miss the skeletal warrior.
The centaur warrior shoots an arrow.
The arrow barely misses you. The hound closely misses you.
You closely miss the bullfrog.
The bullfrog is almost dead.
The hound bites you but does no damage. The bullfrog misses you.
You claw the bullfrog!
You kill the bullfrog!
Cheibriados thoroughly appreciates the change of pace.
Cheibriados raises the support of your attributes as your movement slows.
The hound misses you.
The skeletal warrior closely misses you.
The skeletal warrior hits you with a +0 scimitar!!
You are too injured to fight recklessly!
You are too injured to fight recklessly!
You are too injured to fight recklessly!
You are too injured to fight recklessly!
Unknown command.
Unknown command.
Unknown command.
Unknown command.
As you read the scroll of teleportation, it crumbles to dust.
You feel strangely unstable. The hound bites you.
The skeletal warrior completely misses you.
The skeletal warrior closely misses you.
The hound completely misses you.
Unknown command.
Unknown command.
The centaur warrior shoots an arrow.
The arrow hits you!! The arrow burns you.
The centaur warrior shoots an arrow.
The arrow hits you!
* * * LOW HITPOINT WARNING * * *
The arrow burns you.
* * * LOW HITPOINT WARNING * * *
The skeletal warrior completely misses you.
The centaur warrior shoots an arrow.
The arrow hits you!!
You die...

#....≈.##.# ...
#......'..# ##
##.....####
#..≈≈.# #.≈≈≈.#
#.....####
#........#
#####....########
#...@z.......
###.z........
#.zhc......
#..........
............
.....########
#.....# #.....#
......


You could see 3 skeletal warriors, a centaur warrior and a hound.

Vanquished Creatures
  A reaper (IceCv)
  A hydra (D:13)
  2 centaur warriors (D:13)
  2 two-headed ogres
  A skeletal warrior (D:13)
  A deep elf pyromancer (D:13)
  2 ugly things (D:11)
  A cyclops (D:7)
  A manticore (D:7)
  A centaur zombie (D:11)
  2 gargoyles
  2 ice statues (IceCv)
  A kobold demonologist (D:7)
  8 ice devils (IceCv)
  5 trolls
  2 meliai zombies
  A shadow (D:13)
  2 wraiths
  4 wyverns
  15 yaks
  A basilisk (D:11)
  An acid dragon (D:13)
  18 orc warriors
  2 sky beasts
  15 ice beasts
  2 black bears
  An eye of draining (D:12)
  12 ogres
  20 centaurs
  3 phantoms
  4 kobold brigands (D:10)
  Blork the orc (D:6)
  10 bullfrogs
  4 gnoll sergeants (D:10)
  2 scorpions
  5 killer bees (D:8)
  11 wights
  A howler monkey (D:6)
  4 bullfrog zombies
  8 hounds
  3 jellies
  3 bullfrog skeletons
  8 orc priests
  Terence (D:2)
  2 centaur skeletons
  8 iguanas
  11 worker ants
  9 orc wizards
  2 hound skeletons
  A worker ant zombie (D:11)
  A howler monkey zombie (D:5)
  Robin (D:2)
  12 adders
  18 gnolls
  A river rat (D:4)
  12 white imps
  8 ufetubi
  3 oozes
  An adder skeleton (D:7)
  2 worms
  A dart slug (D:3)
  4 leopard geckos
  86 orcs
  10 bats
  12 giant cockroaches
  11 goblins
  10 hobgoblins
  5 jackals
  6 quokkas
  7 ball pythons
  A ball python skeleton (D:4)
  11 frilled lizards
  A jackal skeleton (D:4)
  7 kobolds
  A quokka skeleton (D:4)
  10 rats
470 creatures vanquished.

Vanquished Creatures (collateral kills)
  An adder (D:7)
1 creature vanquished.

Vanquished Creatures (others)
  An orc wizard (D:9)
  A white imp (IceCv)
  4 ufetubi (IceCv)
6 creatures vanquished.

Grand Total: 477 creatures vanquished

Notes
Turn   | Place    | Note
-------+----------+-------------------------------------------
     0 | D:1      | Morbidden the Troll Transmuter began the quest for the Orb.
     0 | D:1      | Reached XP level 1. HP: 18/18 MP: 1/1
   212 | D:1      | Reached skill level 1 in Fighting
   212 | D:1      | Reached XP level 2. HP: 27/27 MP: 3/3
   825 | D:2      | Reached XP level 3. HP: 33/33 MP: 4/4
  1072 | D:2      | Noticed Robin
  1083 | D:2      | Killed Robin
  1692 | D:3      | Noticed Terence
  1705 | D:2      | Killed Terence
  1706 | D:2      | Reached XP level 4. HP: 34/41 MP: 3/5
  1712 | D:3      | Reached skill level 4 in Unarmed Combat
  1933 | D:3      | Reached XP level 5. HP: 48/48 MP: 6/6
  2177 | D:3      | Found an ornate altar of the Wu Jian Council.
  2341 | D:4      | Reached XP level 6. HP: 5/57 MP: 5/7
  2477 | D:4      | Found a glowing drain.
  2481 | Sewer    | Entered a sewer
  3082 | D:4      | Reached XP level 7. HP: 64/65 MP: 9/9
  3269 | D:4      | Reached skill level 5 in Unarmed Combat
  3863 | D:5      | Entered Level 5 of the Dungeon
  4011 | D:5      | HP: 1/66 [worker ant (4)]
  4050 | D:5      | Reached XP level 8. HP: 16/74 MP: 0/10
  4155 | D:5      | Reached skill level 6 in Unarmed Combat
  4204 | D:5      | Found a hide-covered altar of Uskayaw.
  4323 | D:5      | Found a shadowy altar of Dithmenos.
  4365 | D:5      | Found a stormy altar of Qazlal.
  4404 | D:5      | Learned a level 3 spell: Spider Form
  4619 | D:5      | Found Pisuvam's Antique Weapon Shop.
  4804 | D:6      | Found a shimmering blue altar of Sif Muna.
  4970 | D:6      | Noticed Blork the orc
  4979 | D:6      | Reached skill level 1 in Stealth
  4990 | D:6      | Killed Blork the orc
  4991 | D:6      | Reached skill level 1 in Poison Magic
  5140 | D:6      | Reached skill level 1 in Evocations
  5202 | D:6      | Found a blossoming altar of Fedhas.
  5481 | D:7      | Found a bloodstained altar of Trog.
  5481 | D:7      | Found Ykextess's Magic Scroll Boutique.
  5499 | D:7      | Reached XP level 9. HP: 75/83 MP: 8/12
  5553 | D:7      | Found a runed translucent door.
  5560 | D:7      | Noticed a cyclops
  5580 | D:7      | Killed a cyclops
  5581 | D:7      | Reached skill level 7 in Unarmed Combat
  5705 | D:7      | Got a translucent iron ring
  5725 | D:7      | Reached skill level 5 in Dodging
  5727 | D:7      | Identified the ring of Zeafext {EV+4 Str+4} (You found it
                  | on level 7 of the Dungeon)
  5946 | D:7      | Found a staircase to the Ecumenical Temple.
  6336 | Temple   | Entered the Ecumenical Temple
  6350 | Temple   | Became a worshipper of Cheibriados the Contemplative
  6534 | D:7      | Noticed a manticore
  6539 | D:7      | Noticed a kobold demonologist
  6555 | D:7      | Killed a manticore
  6556 | D:7      | Reached skill level 1 in Invocations
  6561 | D:7      | Noticed an orange demon
  6564 | D:7      | Killed a kobold demonologist
  6565 | D:7      | Reached skill level 8 in Unarmed Combat
  6565 | D:7      | Reached XP level 10. HP: 36/93 MP: 2/13
  6798 | D:7      | Found a white marble altar of Elyvilon.
  6858 | D:7      | Found a basalt altar of Yredelemnul.
  7061 | D:8      | Reached * piety under Cheibriados
  7064 | D:8      | Found a flagged portal.
  7092 | Bailey   | Entered a bailey
  7413 | Bailey   | Reached ** piety under Cheibriados
  7633 | Bailey   | Reached skill level 1 in Throwing
  8028 | Bailey   | Got a warped executioner's axe
  8029 | Bailey   | Identified the +4 executioner's axe of the Moon {venom,
                  | rPois Will- Dex+4 Stlth-} (You found it in a bailey)
  8299 | D:8      | Learned a level 4 spell: Ice Form
  8422 | D:8      | Noticed Psyche
  8492 | D:8      | Found an iron altar of Okawaru.
  8503 | D:8      | Found a hazy altar of Hepliaklqana.
  8504 | D:8      | Found an ancient bone altar of Kikubaaqudgha.
  8504 | D:8      | Found a broken altar of Ashenzari.
  8509 | D:8      | Reached *** piety under Cheibriados
  9048 | D:8      | Reached skill level 1 in Ice Magic
  9542 | D:9      | Found a shimmering altar of Xom.
  9699 | D:9      | Found a sparkling altar of Nemelex Xobeh.
  9699 | D:9      | Found an opulent altar of Gozag.
  9736 | D:9      | Reached **** piety under Cheibriados
 10042 | D:9      | Reached skill level 5 in Transmutations
 10063 | D:9      | Reached XP level 11. HP: 63/101 MP: 7/15
 10487 | D:9      | Noticed a two-headed ogre
 10499 | D:9      | Killed a two-headed ogre
 10500 | D:9      | Reached skill level 9 in Unarmed Combat
 10541 | D:9      | Found a radiant altar of Vehumet.
 10713 | D:10     | Entered Level 10 of the Dungeon
 10948 | D:10     | Found a staircase to the Orcish Mines.
 11037 | D:10     | Reached ***** piety under Cheibriados
 11172 | D:10     | Found a staircase to the Lair.
 11754 | D:11     | Noticed a purple ugly thing
 11769 | D:11     | Killed a purple ugly thing
 11850 | D:11     | Found a frozen archway.
 11859 | D:11     | Reached skill level 5 in Fighting
 11924 | IceCv    | Entered an ice cave
 12241 | IceCv    | Reached skill level 10 in Unarmed Combat
 12392 | IceCv    | Reached XP level 12. HP: 53/111 MP: 6/17
 12597 | IceCv    | Noticed a reaper
 12603 | IceCv    | Killed a reaper
 12992 | D:11     | Reached skill level 1 in Armour
 13336 | D:11     | Noticed a two-headed ogre
 13347 | D:11     | Killed a two-headed ogre
 13765 | D:11     | Learned a level 5 spell: Fireball
 14720 | D:13     | Noticed a centaur warrior
 14720 | D:13     | Noticed a centaur warrior
 14728 | D:13     | Killed a centaur warrior
 14729 | D:13     | Reached skill level 1 in Conjurations
 14734 | D:13     | Killed a centaur warrior
 14768 | D:13     | Reached skill level 1 in Fire Magic
 15231 | D:13     | Noticed a seven-headed hydra
 15240 | D:13     | Killed a seven-headed hydra
 15382 | D:13     | Found a shimmering altar of Xom.
 15465 | D:13     | Noticed a centaur warrior
 15477 | D:13     | Shot with an arrow by a centaur warrior

Illustrated notes

Levels and vault maps discovered:
D:1:      scummos_arrival_hexagon, layout_loops_ring
D:2:      layout_basic, minmay_misc_feat_diagonals, uniq_robin
D:3:      layout_rooms, lemuel_doored_altar, uniq_terence
D:4:      layout_basic, gup_sewer_entry_bowl
D:5:      layout_rooms, nicolae_qazlal_general_emergency,
          eat_drink_and_be_merry_uskayaw, serial_shops, nicolae_shop_trees,
          nicolae_dithmenos_shadow_blocks
D:6:      layout_loops_ring, nicolae_overflow_crystal_walls, fedhas_altar_1,
          uniq_blork_the_orc
D:7:      minmay_the_grid_four_pointed_star
          [minmay_the_grid_triangle_9x9_skeleton,
          minmay_the_grid_triangle_9x9_warning,
          minmay_the_grid_triangle_9x9_subtriangle,
          minmay_the_grid_triangle_9x9_sprig, minmay_the_grid_prize_trominoes],
          layout_loops_ring, kennysheep_ying_yang, bloody_trog,
          minmay_temple_entry_mist, serial_shops, shop_fountains
D:8:      layout_basic, grunt_temple_overflow_open, serial_curves,
          eino_curves_01, eino_curves_02, enter_bailey_5, uniq_psyche
D:9:      layout_layer_cave, grunt_temple_overflow_opulence, old_standard_altar,
          marbit_many_paths
D:10:     layout_irregular_city, lair_entry_dummy,
          kennysheep_orc_monster_closet_entryway, grunt_decor_mini_mirrors
D:11:     layout_roguey, portal_ice_cave_entry_ice_beasts, patterned_corridor
D:12:     layout_irregular_city
D:13:     layout_basic, basic_altar, due_unseen_surprise
Temple:   corrupted_temple

Skill      XL: |  1  2  3  4  5  6  7  8  9 10 11 12 |
---------------+-------------------------------------+-----
Fighting       | 1 2 3 4 5 6 |  6.0
Dodging        | 2 3 4 5 6 7 |  7.6
Transmutations | 2 3 4 5 6 |  6.2
Unarmed Combat | 4 5 6 8 10 | 10.8
Spellcasting   | 2 3 4 |  4.6
Stealth        | 1 2 |  2.3
Poison Magic   | 1 2 3 4 |  4.0
Evocations     | 1 |  1.8
Invocations    | 1 2 3 4 |  4.9
Throwing       | 1 |  1.5
Ice Magic      | 1 3 |  3.9
Armour         | 1 |  1.6
Conjurations   | 2 |  2.1
Fire Magic     | 1 |  1.5

Action                   |  1- 3 |  4- 6 |  7- 9 | 10-12 || total
-------------------------+-------+-------+-------+-------++-------
Melee: Unarmed           |   133 |   203 |   310 |   782 ||  1428
       Kick              |     2 |    15 |    19 |    22 ||    58
       Headbutt          |     1 |     6 |    13 |    11 ||    31
       Punch             |       |     1 |    10 |    20 ||    31
Throw: Boomerang         |       |     5 |       |    65 ||    70
       Dart              |       |       |     1 |       ||     1
 Cast: Beastly Appendage |     6 |    10 |    17 |    11 ||    44
       Spider Form       |       |       |     1 |    51 ||    52
       Ice Form          |       |       |       |    12 ||    12
Invok: Slouch            |       |       |       |     4 ||     4
Evoke: Wand              |       |       |    19 |    21 ||    40
  Use: Scroll            |       |     7 |     4 |    12 ||    23
       Potion            |       |       |     4 |     1 ||     5
 Stab: Sleeping          |       |     1 |     2 |     6 ||     9
       Confused          |       |       |     3 |       ||     3
       Paralysed         |       |       |     3 |       ||     3
       Petrified         |       |       |     1 |       ||     1
       Distracted        |       |       |     2 |       ||     2
Armor: Robe              |    50 |    50 |    54 |    18 ||   172
       Skin              |       |       |       |    14 ||    14
       Troll leather arm |       |       |       |    28 ||    28
Dodge: Dodged            |    72 |   100 |   171 |  1251 ||  1594

Table legend: (Time is in decaauts)
 A = Elapsed time spent in this place.
 B = Non-inter-level travel time spent in this place.
 C = Inter-level travel time spent in this place.
 D = Time resting spent in this place.
 E = Time spent auto-exploring this place.
 F = Levels seen in this place.
 G = Mean time per level.
                   A        B        C        D        E       F      G
               +--------+--------+--------+--------+--------+-----+--------+
         Total |  19427 |  18573 |    854 |    808 |  13089 |  17 | 1142.8 |
       Dungeon |  16051 |  15197 |    854 |    278 |  11852 |  13 | 1234.7 |
        Temple |     32 |     32 |      0 |      0 |      8 |   1 |   32.0 |
         Sewer |    677 |    677 |      0 |      0 |    361 |   1 |  677.0 |
        Bailey |   1465 |   1465 |      0 |     72 |    569 |   1 | 1465.0 |
      Ice Cave |   1200 |   1200 |      0 |    458 |    298 |   1 | 1200.0 |
               +--------+--------+--------+--------+--------+-----+--------+

Top non-repeatable levels by time:
     D:8: 1890 daAuts
     D:9: 1860 daAuts
    D:11: 1661 daAuts
    D:12: 1510 daAuts
     D:7: 1488 daAuts
  Bailey: 1465 daAuts
    D:10: 1422 daAuts
   IceCv: 1200 daAuts
     D:4: 1185 daAuts
    D:13: 1120 daAuts
     D:2: 1027 daAuts
     D:6: 850 daAuts
     D:5: 793 daAuts
   Sewer: 677 daAuts
     D:1: 665 daAuts
